 Dungeon Crawl Stone Soup version 0.27.1-1-g398f81649c (webtiles) character file.

Game seed: 10332473720412212039

88 AZSletch the Vexing (level 4, -1/34 HPs)
             Began as a Gnoll Arcane Marksman on Sept 15, 2021.
             Slain by an orc wizard (2 damage)
             ... on level 3 of the Dungeon.
             The game lasted 00:13:50 (2621 turns).

AZSletch the Vexing (Gnoll Arcane Marksman)         Turns: 2621, Time: 00:13:50

Health: -1/34      AC:  5    Str: 11    XL:     4   Next: 53%
Magic:  17/17      EV: 11    Int: 12    God:
Gold:   112        SH:  0    Dex: 12    Spells: 2/9 levels left

rFire    . . .     SeeInvis .   q - +2 dagger (speed)
rCold    . . .     Faith    .   (no shield)
rNeg     . . .     Spirit   .   i - +0 ring mail {rPois}
rPois    +         Reflect  .   (no helmet)
rElec    .         Harm     .   (no cloak)
rCorr    .         Rampage  .   (no gloves)
Will     .....                  (no boots)
Stlth    +.........             (no amulet)
HPRegen  0.11/turn              f - ring of magical power
MPRegen  0.15/turn              (no ring)

@: no status effects
A: fangs 1, strong nose, distributed training
a: no special abilities


You were on level 3 of the Dungeon.
You visited 1 branch of the dungeon, and saw 3 of its levels.

You collected 112 gold pieces.

Inventory:

Hand Weapons
 a - a +0 hunting sling
 q - a +2 dagger of speed (weapon)
Missiles
 c - 30 sling bullets
 e - 100 stones
 k - 12 poisoned darts (quivered)
 o - 12 boomerangs
 p - 3 javelins
Armour
 i - a +0 ring mail of poison resistance (worn)
Jewellery
 f - a ring of magical power (left hand)
Scrolls
 g - 2 scrolls of noise {unknown}
 j - 2 scrolls of enchant weapon {unknown}
 l - a scroll of identify {unknown}
 m - a scroll of fear {unknown}
 n - a scroll of amnesia {unknown}
Potions
 b - 2 potions of ambrosia {unknown}
 d - a potion of heal wounds {unknown}
 h - 2 potions of curing {unknown}


   Skills:
 + Level 2.8 Fighting
 + Level 1.2 Short Blades
 + Level 1.2 Long Blades
 + Level 1.2 Axes
 + Level 1.2 Maces & Flails
 + Level 1.2 Polearms
 + Level 1.2 Staves
 + Level 4.6 Slings
 + Level 1.2 Bows
 + Level 1.2 Crossbows
 + Level 1.2 Throwing
 + Level 1.2 Armour
 + Level 4.6 Dodging
 + Level 1.2 Stealth
 + Level 1.2 Shields
 + Level 1.2 Unarmed Combat
 + Level 3.0 Spellcasting
 + Level 1.0 Conjurations
 + Level 5.5 Hexes
 + Level 1.0 Summonings
 + Level 1.0 Necromancy
 + Level 1.0 Translocations
 + Level 1.0 Transmutations
 + Level 1.0 Fire Magic
 + Level 1.0 Ice Magic
 + Level 1.0 Air Magic
 + Level 1.0 Earth Magic
 + Level 1.0 Poison Magic
 + Level 1.3 Invocations
 + Level 1.2 Evocations


You had 2 spell levels left.
You knew the following spells:

 Your Spells              Type           Power      Damage    Failure   Level
a - Corona                Hex            16%        N/A       6%          1
b - Slow                  Hex            15%        N/A       9%          2
c - Cause Fear            Hex            7%         N/A       52%         4

Your spell library contained the following spells:

 Spells                   Type           Power      Damage    Failure   Level
 Inner Flame              Hex/Fire       9%         N/A       41%         3
 Portal Projectile        Hex/Tloc       18%        N/A       41%         3


Dungeon Overview and Level Annotations

Branches:
Dungeon (3/15)

Altars:


Innate Abilities, Weirdness & Mutations

You have very sharp teeth.
Your uncanny sense of smell can sniff out nearby items.
Your experience applies equally to all skills.


Message History

Your magical contamination has completely faded away.
Your hands tingle!
q - a +2 dagger of speed (weapon)
There is a stone staircase leading up here.
You start resting.
Magic restored.
You start resting.
You hear some strange, mumbled words.
You are confused.
You bump into the rock wall.
Something hits you.
You miss something. Something hits you.
You bump into the rock wall.
Something hits you but does no damage.
You barely miss something.
You bump into the rock wall.
Something hits you.
You miss something. Something hits you but does no damage.
You bump into the rock wall.
Something hits you but does no damage.
You bump into the rock wall.
You feel less confused. Something hits you but does no damage.
You hit something but do no damage.
You hear some strange, mumbled words.
A magic dart appears from out of thin air!
The magic dart hits you.
You hit something. Your bite misses something. You closely miss something.
You bite something. Something hits you.
* * * LOW HITPOINT WARNING * * *
You barely miss something. Something hits you.
* * * LOW HITPOINT WARNING * * *
You hit something. You hit something but do no damage.
Something hits you but does no damage.
You hit something but do no damage. Something hits you.
* * * LOW HITPOINT WARNING * * *
You hit something but do no damage. Your bite misses something.
You barely miss something. Something hits you.
* * * LOW HITPOINT WARNING * * *
You miss something. You bite something. You closely miss something.
Something hits you.
* * * LOW HITPOINT WARNING * * *
You hit something. You bite something. Something hits you.
You die...

..............>#.#
#.#.##.##.#.#.##.#
#.#..#.##.#.#.##.#
#....#.##.#.#.##.#
.....#.##.#.#..#.#
###.##.##.#.##.#.###
..........#.##.#...#
###.##......##..{#.#
# #.##.####.####@#.#
###.##############.#
.......)...........#
###.#####.....######
# #.# #.....# # #.#
#.....# # #.#
#.....# ###.#
#.....# ..#.#
#.....#


There were no monsters in sight!

Vanquished Creatures
  An adder (D:2)
  A dart slug (D:3)
  7 orcs (D:3)
  5 ball pythons
  6 endoplasms
  2 giant cockroaches
  7 goblins
  5 hobgoblins
  6 jackals
  2 kobolds
  3 quokkas
  10 bats
  3 frilled lizards
  4 rats
62 creatures vanquished.

Notes
Turn   | Place    | Note
-------+----------+-------------------------------------------
     0 | D:1      | AZSletch the Gnoll Arcane Marksman began the quest for the
                  | Orb.
     0 | D:1      | Reached XP level 1. HP: 17/17 MP: 4/4
   257 | D:1      | Reached XP level 2. HP: 23/23 MP: 5/5
   268 | D:1      | Learned a level 2 spell: Slow
   889 | D:1      | Reached XP level 3. HP: 28/28 MP: 7/7
  1207 | D:2      | Reached skill level 1 in Invocations
  1542 | D:2      | Found a faded altar of an unknown god.
  1817 | D:3      | Reached skill level 1 in Short Blades
  1817 | D:3      | Reached skill level 1 in Long Blades
  1817 | D:3      | Reached skill level 1 in Axes
  1817 | D:3      | Reached skill level 1 in Maces & Flails
  1817 | D:3      | Reached skill level 1 in Polearms
  1817 | D:3      | Reached skill level 1 in Staves
  1817 | D:3      | Reached skill level 1 in Bows
  1817 | D:3      | Reached skill level 1 in Crossbows
  1817 | D:3      | Reached skill level 1 in Throwing
  1817 | D:3      | Reached skill level 1 in Armour
  1817 | D:3      | Reached skill level 1 in Stealth
  1817 | D:3      | Reached skill level 1 in Shields
  1817 | D:3      | Reached skill level 1 in Unarmed Combat
  1817 | D:3      | Reached skill level 1 in Evocations
  1856 | D:3      | Reached XP level 4. HP: 22/34 MP: 8/8
  1863 | D:3      | Learned a level 4 spell: Cause Fear
  2506 | D:3      | Reached skill level 1 in Conjurations
  2506 | D:3      | Reached skill level 1 in Summonings
  2506 | D:3      | Reached skill level 1 in Necromancy
  2506 | D:3      | Reached skill level 1 in Translocations
  2506 | D:3      | Reached skill level 1 in Transmutations
  2506 | D:3      | Reached skill level 1 in Fire Magic
  2506 | D:3      | Reached skill level 1 in Ice Magic
  2506 | D:3      | Reached skill level 1 in Air Magic
  2506 | D:3      | Reached skill level 1 in Earth Magic
  2506 | D:3      | Reached skill level 1 in Poison Magic
  2620 | D:3      | HP: 1/34 [something (2)]
  2621 | D:3      | Slain by an orc wizard

Illustrated notes

Levels and vault maps discovered:
D:1:      tarquinn_simple_flora_water_f, layout_loops_ring,
          corexii_leaking_fountain, glass_columns_b
D:2:      layout_basic, ebering_ecumenical_altar_hall, dk_noncrumbling_4
D:3:      layout_basic, kennysheep_generic_room_3

Skill      XL: |  1  2  3  4 |
---------------+-------------+-----
Invocations    | 1 |  1.3
Short Blades   | 1 |  1.2
Long Blades    | 1 |  1.2
Axes           | 1 |  1.2
Maces & Flails | 1 |  1.2
Polearms       | 1 |  1.2
Staves         | 1 |  1.2
Bows           | 1 |  1.2
Crossbows      | 1 |  1.2
Throwing       | 1 |  1.2
Armour         | 1 |  1.2
Stealth        | 1 |  1.2
Shields        | 1 |  1.2
Unarmed Combat | 1 |  1.2
Evocations     | 1 |  1.2
Spellcasting   | 3 |  3.0
Conjurations   | 1 |  1.0
Summonings     | 1 |  1.0
Necromancy     | 1 |  1.0
Translocations | 1 |  1.0
Transmutations | 1 |  1.0
Fire Magic     | 1 |  1.0
Ice Magic      | 1 |  1.0
Air Magic      | 1 |  1.0
Earth Magic    | 1 |  1.0
Poison Magic   | 1 |  1.0
Fighting       | |  2.8
Slings         | |  4.6
Dodging        | |  4.6
Hexes          | |  5.5

Action                   |  1- 3 |  4- 6 || total
-------------------------+-------+-------++-------
Melee: Dagger            |    43 |    72 ||   115
       Short sword       |     7 |       ||     7
       Bite              |     3 |    10 ||    13
 Fire: Hunting sling     |    87 |    19 ||   106
Throw: Dart              |     4 |       ||     4
       Boomerang         |     4 |       ||     4
 Cast: Corona            |    36 |     7 ||    43
       Slow              |    12 |     2 ||    14
Armor: Robe              |     8 |       ||     8
       Ring mail         |    25 |    24 ||    49
Dodge: Dodged            |    45 |    33 ||    78
